 Dungeon Crawl Stone Soup version 0.29.1-13-g9f3cf754e1 (webtiles) character file.

Game seed: 1020190909156402889

221542 javelincjr the Sorcerer (level 19, -1/108 HPs)
             Began as a Djinni Fire Elementalist on Jan 27, 2023.
             Was the Champion of Hepliaklqana.
             Killed from afar by a salamander tyrant (35 damage)
             ... on level 4 of the Snake Pit on Jan 30, 2023.
             The game lasted 06:36:14 (32033 turns).

javelincjr the Sorcerer (Djinni Fire Elementalist) Turns: 32033, Time: 06:36:15

Health: -1/108     AC: 21    Str:  9    XL:     19   Next: 97%
Gold:   2082       EV: 10    Int: 24    God:    Hepliaklqana [******] SH: 18 Dex: 24

rFire   + + .      SeeInvis +   f - +7 spear (freeze)
rCold   . . .      Faith    .   R - +1 tower shield {AC+3}
rNeg    . . .      Spirit   .   m - +4 scale mail "Elo Tue" {rElec rC+ Will+} rPois āˆž Reflect .
                                a - +1 helmet
rElec   +          Harm     .   M - scarf {repulsion}
rCorr   +          Rampage  .   E - +2 pair of gloves {Dex+3}
Will    ++...      Clarity  +   (boots unavailable)
Stlth   ++........              j - amulet of regeneration
HPRegen 1.08/turn               v - ring "Gesh" {rPois rCorr SInv}
MPRegen 0.00/turn               s - ring of Mixes {rPois Int+3 Dex+5}

@: death channelling, weakened, flying, very slightly contaminated, studying
Evocations, repel missiles, unable to drink
A: reduced essence, sickness immunity, fire resistance 2, cold vulnerability 1,
float, innate caster, HP casting, extra vitality 1, clarity, inability to drink
after injury 1
}: 1/15 runes: decaying
a: Renounce Religion, Recall Ancestor, Ancestor Identity, Transference, Idealise


You were on level 4 of the Snake Pit.
You worshipped Hepliaklqana.
Hepliaklqana was exalted by your worship.
You visited 7 branches of the dungeon, and saw 32 of its levels.

You collected 3305 gold pieces.
You spent 1223 gold pieces at shops.

Inventory:

Hand Weapons
 f - a +7 spear of freezing (weapon)
 A - the +7 quarterstaff "Zenof" {vorpal, Int+7 Dex+4 Stlth-}
   (You found it on level 1 of the Lair of Beasts)

   It inflicts extra damage upon your enemies.
   Int:       It affects your intelligence (+7).
   Dex:       It affects your dexterity (+4).
   Stlth:     It makes you less stealthy.
 S - the +7 sling of Domination {flame, Will+}
   (You found it on level 2 of the Swamp)

   Any ammunition fired from it burns those it strikes, dealing additional fire
   damage.
   Will:      It increases your willpower.
Armour
 a - a +1 helmet (worn)
 m - the +4 scale mail "Elo Tue" (worn) {rElec rC+ Will+}
   (You took it off an orc on level 3 of the Dungeon)

   rC:        It protects you from cold.
   rElec:     It insulates you from electricity.
   Will:      It increases your willpower.
 E - a +2 pair of gloves of dexterity (worn)
 M - a scarf of repulsion (worn)
 R - a +1 tower shield of protection (worn)
Jewellery
 j - an amulet of regeneration (around neck)
 n - a +4 ring of protection
 r - an amulet of the acrobat
 s - the ring of Mixes (right hand) {rPois Int+3 Dex+5}
   (You bought it in a shop on level 9 of the Dungeon)

   [ring of poison resistance]

   Int:       It affects your intelligence (+3).
   Dex:       It affects your dexterity (+5).
   rPois:     It protects you from poison.
 v - the ring "Gesh" (left hand) {rPois rCorr SInv}
   (You found it on level 3 of the Snake Pit)

   [ring of resist corrosion]

   rPois:     It protects you from poison.
   SInv:      It lets you see invisible.
   rCorr:     It protects you from acid and corrosion.
 y - a +6 ring of strength
 B - a ring of protection from fire
 L - a ring of ice
 N - a ring of willpower
Wands
 k - a wand of mindburst (15)
 o - a wand of roots (21)
 t - a wand of flame (40)
 u - a wand of acid (7)
 w - a wand of charming (26)
 W - a wand of digging (3)
Scrolls
 b - 11 scrolls of teleportation
 c - a scroll of magic mapping
 h - a scroll of silence
 I - 4 scrolls of poison
 O - 10 scrolls of butterflies
 P - 3 scrolls of blinking
 X - 5 scrolls of fear
Potions
 e - a potion of mutation
 g - 4 potions of might
 i - 3 potions of haste
 l - 2 potions of invisibility
 p - 3 potions of berserk rage
 x - 8 potions of ambrosia
 z - 10 potions of curing
 D - 3 potions of brilliance
 K - 3 potions of cancellation
 T - 3 potions of heal wounds
 Z - 3 potions of resistance
Miscellaneous
 d - a condenser vane
 q - a box of beasts
 C - a tin of tremorstones (2/2)
 G - a box of beasts
 H - a lightning rod (4/4)
 U - a phantom mirror
 V - a phial of floods


   Skills:
 + Level 6.2 Fighting
 + Level 4.9(5.6) Axes
 + Level 4.0(5.3) Polearms
 + Level 2.0(3.5) Staves
 + Level 1.4 Ranged Weapons
 - Level 9.0 Armour
 + Level 8.5 Dodging
 + Level 5.5 Stealth
 + Level 6.2 Shields
 + Level 0.1 Unarmed Combat
 + Level 21.7 Spellcasting
 + Level 6.0 Evocations


You had 11 spell levels left.
You knew the following spells:

 Your Spells              Type           Power      Damage    Failure   Level
a - Foxfire               Conj/Fire      100%       2x1d9     0%          1
b - Scorch                Fire           100%       2d10      0%          2
c - Conjure Flame         Conj/Fire      92%        6-21      1%          3
d - Inner Flame           Hex/Fire       92%        N/A       1%          3
e - Flame Wave            Conj/Fire      92%        2d19      1%          4
f - Beastly Appendage     Tmut           100%       N/A       0%          1
g - Passwall              Tmut/Erth      76%        N/A       0%          2
h - Blink                 Tloc           100%       N/A       0%          2
i - Frozen Ramparts       Ice            100%       1d16      1%          3
j - Irradiate             Conj/Tmut      46%        3d27      1%          5
k - Yara's Violent Unrav  Hex/Tmut       46%        3d18      1%          5
l - Death Channel         Necr           46%        N/A       1%          6
m - Storm Form            Tmut/Air       46%        N/A       10%         7
n - Iron Shot             Conj/Erth      46%        9d9       1%          6
Your spell library was empty.

Dungeon Overview and Level Annotations

Branches:
Dungeon (15/15)            Temple (1/1) D:4            Lair (5/5) D:10
  Swamp (4/4) Lair:2        Snake (4/4) Lair:3        Slime (0/5) Lair:4
    Orc (2/2) D:11            Elf (1/3) Orc:2        Vaults (0/5) D:14
 Depths: D:15

Altars:
Ashenzari
Cheibriados
Dithmenos
Elyvilon
Fedhas
Gozag
Hepliaklqana
Makhleb
Nemelex Xobeh
Okawaru
Qazlal
Ru
Trog
Uskayaw
Wu Jian
Xom
Yredelemnul
Zin
The Shining One
Jiyva

Shops:
D:3 *   D:7 *   D:8 (   D:9 *   D:11 :([!   D:13 ?   D:15 (   Orc:2 :[[(*(

Annotations:
D:12 Nergalle
Snake:4 3 runed translucent doors


Innate Abilities, Weirdness & Mutations

Your life essence is reduced to manifest your ancestor. (-10% HP)
You are immune to sickness and miasma.
You are immune to poison.
Your flesh is very heat resistant. (rF++)
You are vulnerable to cold. (rC-)
You float through the air rather than walking.
You learn spells naturally, not from books.
Your magical power is your life essence.
You have superior vitality. (+4 MHP)
You possess an exceptional clarity of mind.
You occasionally lose the ability to drink potions when taking damage.


Message History

The salamander tyrant gazes fiercely through you!
You feel as though you will be weak longer.
Casting: Iron Shot (dangerous; 1% risk of failure)
Confirm with . or Enter, or press ? or * to list all spells.
Flames lash the salamander tyrant.
The salamander tyrant completely resists.
* * * LOW HITPOINT WARNING * * *
You hear a shout!
Your spectral anaconda grabs the salamander tyrant.
Your spectral anaconda bites the salamander tyrant.
Your spectral anaconda constricts the salamander tyrant.
The salamander tyrant gazes fiercely through you!
You feel as though you will be weak longer.
The salamander tyrant hits your spectral anaconda!
Your spectral anaconda is engulfed in flames!!
Your spectral anaconda bites the salamander tyrant!
Your spectral anaconda constricts the salamander tyrant.
Casting: Scorch (safe; 0% risk of failure)
Confirm with . or Enter, or press ? or * to list all spells.
Aiming: Yara's Violent Unravelling (mildly dangerous; 1% risk of failure)
Press: ? - help, Dir - move target, f - you
Okay, then.
Your spectral anaconda bites the salamander tyrant.
Your spectral anaconda constricts the salamander tyrant.
The salamander tyrant gazes fiercely through you!
You feel as though you will be weak longer.
The salamander tyrant hits your spectral anaconda.
Your spectral anaconda is engulfed in flames!!
Your spectral anaconda bites the salamander tyrant!
Your spectral anaconda constricts the salamander tyrant.
Your spectral anaconda bites the salamander tyrant!
Your spectral anaconda constricts the salamander tyrant.
The salamander tyrant gazes fiercely through you!
You feel as though you will be weak longer.
The salamander tyrant hits your spectral anaconda!
Your spectral anaconda is destroyed!
There is a stone staircase leading up here.
The salamander tyrant rends the earth beneath you!
The blast of magma engulfs you!! You partially resist.
You die...

#.....#..........
#....##.....<....
#....#...........
#....#......####.
#########....#......#..#.
#............#......#..#.
..#####'########......#..#.
......................##'#.
..........@....N)[ā‰ˆ).......
..........ā‰ˆ......N)Nā€
N.)...
###.......############N.)##
Z#.......# #....N...
ZZ#.......# #........
..+.......# #...N....
Z.+.......# #..#.....
.+..#+#..# #.R...... #.. #..#
N#..R....


You could see a salamander tyrant and a salamander mystic.

Vanquished Creatures
  Vashnia (Snake:3)
  The ghost of Smee the Bludgeoner, an adept MiFi of Okawaru (Snake:3)
  A thorn hunter (Swamp:1)
  Kirke (D:12)
  A nagaraja (Snake:4)
  A fenstrider witch (Swamp:2)
  Aizul (Snake:2)
  2 very ugly things (Swamp:4)
  5 eleionomae
  4 bunyips
  Azrael (D:12)
  Josephine (Orc:1)
  2 fire dragons
  A shambling mangrove (Swamp:2)
  A boulder beetle (D:12)
  A ghost crab (Swamp:4)
  17 hydras
  A salamander tyrant (Snake:4)
  A spriggan air mage (Swamp:1)
  The ghost of croobank the Destroyer, a journeyman DsCj (D:11)
  A rakshasa (D:14)
  The ghost of Gideon the Martial Artist, a journeyman GnTm of Xom (D:9)
  7 vault guards (D:14)
  10 naga warriors
  10 centaur warriors
  3 anacondas
  A tengu warrior (D:15)
  5 alligators
  3 two-headed ogres
  A dancing weapon (Orc:2)
  The ghost of croobank the Conjurer, a novice DsCj of Gozag (D:8)
  A spriggan berserker (Swamp:1)
  7 death yaks
  7 naga sharpshooters
  3 orc high priests (Orc:2)
  6 shock serpents
  Sonja (Lair:3)
  Amaemon (Lair:3)
  A goliath frog (Swamp:1)
  Lodul (D:12)
  A salamander mystic (Snake:4)
  4 spriggan druids
  2 naga ritualists (Snake:3)
  3 orc knights
  5 swamp dragons
  A bog body (Swamp:4)
  4 deep elf zephyrmancers
  A lindwurm (Lair:5)
  Pikel (D:3)
  2 orc sorcerers (Orc:2)
  8 deep elf pyromancers
  13 ugly things
  A mana viper (Snake:3)
  2 cyclopes (D:12)
  A salamander (Snake:3)
  6 will-o-the-wisps
  16 black mambas
  4 orange demons
  3 molten gargoyles (Lair:5)
  A guardian serpent (Snake:3)
  13 naga magi
  Maggie (D:6)
  5 cane toads
  A rime drake (Lair:2)
  2 unseen horrors
  4 komodo dragons
  A meliai (D:11)
  9 trolls
  2 queen bees
  4 tyrant leeches
  2 polar bears (Lair:3)
  10 slime creatures
  2 bloated husks (Swamp:1)
  6 hornets
  7 blink frogs
  2 dream sheep (Lair:5)
  A centaur simulacrum (D:14)
  3 shadows
  Sigmund (D:3)
  13 spriggans
  2 hogs (D:12)
  3 wyverns
  A vampire (D:10)
  5 fire elementals (D:12)
  2 large abominations (Swamp:4)
  20 yaks
  4 wraiths
  4 basilisks
  2 steam dragons
  19 vampire mosquitoes
  2 acid dragons
  4 hell hounds
  29 nagas
  9 swamp worms
  11 water moccasins
  A swamp drake (Swamp:1)
  4 black bears
  A sky beast (D:6)
  14 orc warriors
  An ice beast (D:4)
  10 ogres
  6 wolves
  9 centaurs
  A lemure (D:4)
  7 bullfrogs
  3 kobold brigands
  3 scorpions
  A gnoll sergeant (D:9)
  A necrophage (D:6)
  24 wights
  21 killer bees
  3 howler monkeys
  2 electric eels (Lair:3)
  2 vampire bats (D:4)
  2 lava snakes (Lair:5)
  5 hounds
  7 orc priests
  A gnoll bouda (D:7)
  2 jellies
  15 orc wizards
  4 hell rats (Lair:3)
  10 gnolls
  17 adders
  2 white imps
  2 worms (D:5)
  6 dart slugs
  52 orcs
  8 ball pythons
  6 bats
  2 bat skeletons (D:4)
  3 bat zombies (D:4)
  6 endoplasms
  3 giant cockroaches
  8 goblins
  4 hobgoblins
  A jackal (D:2)
  6 quokkas
  2 frilled lizards
  18 kobolds
  5 rats
712 creatures vanquished.

Vanquished Creatures (collateral kills)
  Jorgrun (Snake:3)
  A tentacled monstrosity (Swamp:4)
  2 nagarajas
  2 eleionomae
  3 bunyips
  2 green deaths (Swamp:4)
  9 hydras
  2 ghost crabs
  A vault guard (D:14)
  A two-headed ogre (Orc:1)
  3 anacondas
  11 naga warriors
  2 alligators
  4 death yaks
  5 naga sharpshooters
  A spriggan berserker (Swamp:1)
  3 shock serpents
  2 salamander mystics
  A sea snake (Snake:4)
  A spriggan druid (Swamp:1)
  2 bog bodies (Swamp:4)
  2 swamp dragons
  2 orc knights (Orc:2)
  2 mana vipers (Snake:3)
  A deep elf pyromancer (Orc:1)
  A will-o-the-wisp (Swamp:3)
  2 ugly things (Swamp:4)
  3 salamanders (Snake:2)
  2 orc sorcerers (Orc:2)
  3 naga magi
  12 black mambas
  4 slime creatures (Swamp:4)
  A torpor snail (Lair:5)
  2 guardian serpents
  6 cane toads
  An orange demon (Swamp:4)
  A komodo dragon (Lair:1)
  A polar bear (Lair:5)
  2 trolls
  4 hornets (Swamp:1)
  4 tyrant leeches
  9 blink frogs
  4 dream sheep (Lair:5)
  A wraith (D:11)
  2 spriggans (Swamp:1)
  A wyvern (Lair:5)
  10 yaks
  3 basilisks
  A steam dragon (Lair:5)
  2 vampire mosquitoes
  A swamp worm (Swamp:2)
  6 nagas
  A warg (Orc:2)
  A swamp drake (Swamp:1)
  4 water moccasins
  3 hell hounds (Lair:5)
  3 orc warriors (Orc:2)
  An ogre (Orc:2)
  A black bear (Lair:4)
  3 wolves (Lair:5)
  2 bullfrogs (Lair:3)
  A wight (D:7)
  A howler monkey (D:7)
  3 lava snakes (Lair:5)
  3 orc priests (Orc:2)
  4 orc wizards (Orc:2)
  2 hell rats (Lair:3)
  9 orcs
197 creatures vanquished.

Vanquished Creatures (others)
  An eldritch tentacle (Snake:3)
  A wraith (Orc:1)
  A human (D:12)
  3 hogs (D:12)
  A vampire mosquito (Swamp:1)
  A swamp drake (Swamp:3)
  4 ancestors
  27 hexers
  An electric eel (Snake:4)
  An orc (Orc:2)
  607 foxfires
  27 fungi
  62 plants
737 creatures vanquished.

Grand Total: 1646 creatures vanquished

Notes
Turn   | Place    | Note
-------+----------+-------------------------------------------
     0 | D:1      | javelincjr the Djinni Fire Elementalist began the quest for
                  | the Orb.
     0 | D:1      | javelincjr set off with the following spells memorised:
                  | Foxfire, Scorch, Conjure Flame, Inner Flame, Flame Wave.
     0 | D:1      | Reached XP level 1. HP: 15/15 MP: 0/0
   650 | D:1      | Reached XP level 2. HP: 20/21 MP: 0/0
  1050 | D:1      | Reached skill level 3 in Spellcasting
  1203 | D:1      | Reached XP level 3. HP: 23/25 MP: 0/0
  1203 | D:1      | Learned a level 1 spell: Beastly Appendage
  1644 | D:2      | Reached XP level 4. HP: 31/31 MP: 0/0
  1943 | D:3      | Found a faded altar of an unknown god.
  2021 | D:3      | Found Maozi's General Store.
  2029 | D:3      | Reached XP level 5. HP: 35/35 MP: 0/0
  2029 | D:3      | Learned a level 2 spell: Passwall
  2065 | D:3      | Identified the +4 scale mail "Elo Tue" {rElec rC+ Will+}
  2129 | D:3      | Noticed Sigmund
  2150 | D:3      | Killed Sigmund
  2151 | D:3      | Reached skill level 1 in Armour
  2151 | D:3      | Reached skill level 4 in Spellcasting
  2151 | D:3      | Reached XP level 6. HP: 29/41 MP: 0/0
  2179 | D:3      | Reached skill level 1 in Axes
  2546 | D:4      | Reached skill level 5 in Dodging
  2546 | D:4      | Reached skill level 6 in Spellcasting
  2546 | D:4      | Reached skill level 5 in Evocations
  2546 | D:4      | Reached XP level 7. HP: 52/52 MP: 0/0
  2546 | D:4      | Learned a level 2 spell: Blink
  2622 | D:4      | Reached XP level 8. HP: 57/58 MP: 0/0
  2714 | D:4      | Gained mutation: You are frail. (-10% HP) [potion of
                  | mutation]
  2714 | D:4      | Gained mutation: You have sharp fingernails. [potion of
                  | mutation]
  2770 | D:4      | Found a broken altar of Ashenzari.
  2924 | D:4      | Found a staircase to the Ecumenical Temple.
  2933 | Temple   | Entered the Ecumenical Temple
  3360 | D:4      | Found an ornate altar of the Wu Jian Council.
  3381 | D:4      | Noticed Pikel
  3426 | D:3      | Killed Pikel
  3427 | D:3      | Reached XP level 9. HP: 31/55 MP: 0/0
  3427 | D:3      | Learned a level 3 spell: Frozen Ramparts
  3615 | D:5      | Entered Level 5 of the Dungeon
  3737 | D:5      | Lost mutation: You have sharp fingernails. [potion of
                  | mutation]
  3737 | D:5      | Lost mutation: You are frail. (-10% HP) [potion of
                  | mutation]
  3737 | D:5      | Gained mutation: You have a pair of small horns on your
                  | head. [potion of mutation]
  3737 | D:5      | Gained mutation: You have supernaturally acute eyesight.
                  | (SInv) [potion of mutation]
  4404 | D:6      | Noticed Maggie
  4422 | D:6      | Killed Maggie
  4538 | D:6      | Found a burning altar of Makhleb.
  4612 | D:6      | Reached XP level 10. HP: 54/69 MP: 0/0
  4627 | D:6      | Reached skill level 7 in Spellcasting
  4888 | D:6      | Found a basalt altar of Yredelemnul.
  4892 | D:6      | Found a bloodstained altar of Trog.
  4893 | D:6      | Found a snail-covered altar of Cheibriados.
  4893 | D:6      | Found a blossoming altar of Fedhas.
  4893 | D:6      | Found an iron altar of Okawaru.
  4897 | D:6      | Found a hazy altar of Hepliaklqana.
  5257 | D:7      | Found Futragh's Assorted Antiques.
  5260 | D:7      | Bought a scroll labelled KIBARE GEULUAR for 35 gold pieces
  5260 | D:7      | Bought a red potion for 31 gold pieces
  5635 | D:7      | Found a glowing golden altar of the Shining One.
  5635 | D:7      | Found a glowing silver altar of Zin.
  5635 | D:7      | Found a white marble altar of Elyvilon.
  6832 | D:8      | Reached skill level 8 in Spellcasting
  6966 | D:8      | Found a runed translucent door.
  6968 | D:8      | Noticed croobank's ghost (novice DsCj)
  7020 | D:8      | Found Qutsistoaxo's Antique Weapon Boutique.
  7291 | D:9      | Found a runed translucent gate.
  7291 | D:9      | Found a runed translucent gate.
  7291 | D:9      | Found a runed translucent gate.
  7294 | D:9      | Noticed Gideon's ghost (journeyman GnTm)
  7339 | D:9      | Reached XP level 11. HP: 38/74 MP: 0/0
  7339 | D:9      | Learned a level 5 spell: Irradiate
  7410 | D:9      | Found Nyjedao's Assorted Antiques.
  7424 | D:9      | Bought a brightly glowing lead ring for 150 gold pieces
  7424 | D:9      | Identified the ring of Mixes {rPois Int+3 Dex+5} (You
                  | bought it in a shop on level 9 of the Dungeon)
  7556 | D:9      | Found a stormy altar of Qazlal.
  7845 | D:9      | Noticed a two-headed ogre
  7854 | D:9      | Killed a two-headed ogre
  8006 | D:9      | Found a sacrificial altar of Ru.
  8289 | D:9      | Reached skill level 9 in Spellcasting
  8734 | D:9      | Killed Gideon's ghost
  8933 | D:8      | Killed croobank's ghost
  9031 | D:10     | Entered Level 10 of the Dungeon
  9233 | D:10     | Found a staircase to the Lair.
  9321 | D:10     | Noticed a two-headed ogre
  9331 | D:10     | Killed a two-headed ogre
  9332 | D:10     | Reached skill level 10 in Spellcasting
  9332 | D:10     | Reached XP level 12. HP: 79/80 MP: 0/0
  9754 | D:11     | Noticed croobank's ghost (journeyman DsCj)
  9754 | D:11     | Found a transporter.
  9757 | D:11     | Found a transporter.
  9765 | D:11     | Found Kuggi's Distillery.
  9770 | D:11     | Bought a potion of heal wounds for 75 gold pieces
  9786 | D:11     | Found Muowid's Weapon Shop.
  9788 | D:11     | Found a staircase to the Orcish Mines.
  9821 | D:11     | Found Hoimax's Armour Shop.
  9835 | D:11     | Found Xajecuek's Book Shoppe.
 10529 | D:11     | Killed croobank's ghost
 10697 | D:12     | Reached skill level 11 in Spellcasting
 10852 | D:12     | Noticed a two-headed ogre
 10860 | D:12     | Killed a two-headed ogre
 10861 | D:12     | Reached skill level 1 in Polearms
 11143 | D:12     | Noticed Lodul
 11229 | D:12     | Reached skill level 12 in Spellcasting
 11251 | D:12     | Killed Lodul
 11252 | D:12     | Reached XP level 13. HP: 60/85 MP: 0/0
 11252 | D:12     | Learned a level 5 spell: Yara's Violent Unravelling
 11317 | D:12     | Noticed Azrael
 11424 | D:12     | Noticed a five-headed hydra
 11430 | D:12     | Killed a five-headed hydra
 11519 | D:12     | Noticed a boulder beetle
 11543 | D:12     | Killed a boulder beetle
 11857 | D:12     | Noticed a centaur warrior
 11865 | D:12     | Killed a centaur warrior
 11896 | D:12     | Noticed Nergalle
 11897 | D:12     | Noticed Kirke
 12069 | D:6      | Became a worshipper of Hepliaklqana the Forgotten
 12246 | D:12     | Killed Kirke
 12247 | D:12     | Reached skill level 13 in Spellcasting
 12268 | D:12     | Killed Azrael
 12617 | D:13     | Reached * piety under Hepliaklqana
 12626 | D:13     | Noticed a five-headed hydra
 12632 | D:13     | Noticed a centaur warrior
 12643 | D:13     | Killed a five-headed hydra
 12644 | D:13     | Killed a centaur warrior
 12646 | D:13     | Noticed a centaur warrior
 12660 | D:13     | Killed a centaur warrior
 12804 | D:13     | Noticed a centaur warrior
 12813 | D:13     | Killed a centaur warrior
 12831 | D:13     | Noticed a centaur warrior
 12839 | D:13     | Killed a centaur warrior
 12870 | D:13     | Noticed a centaur warrior
 12878 | D:13     | Killed a centaur warrior
 12928 | D:13     | Noticed a centaur warrior
 12939 | D:13     | Killed a centaur warrior
 12978 | D:13     | Found Ahu Giarr's Magic Scroll Shoppe.
 12998 | D:13     | Noticed a seven-headed hydra
 13006 | D:13     | Killed a seven-headed hydra
 13053 | D:13     | You are sucked into a shaft and drop 2 floors!
 13053 | D:15     | Entered Level 15 of the Dungeon
 13338 | D:15     | Reached skill level 14 in Spellcasting
 13342 | D:15     | Reached XP level 14. HP: 19/81 MP: 0/0
 13551 | D:14     | Reached skill level 5 in Fighting
 13765 | D:14     | Found a bloodstained altar of Trog.
 13935 | D:14     | Found a gate to the Vaults.
 14114 | D:13     | Reached ** piety under Hepliaklqana
 14115 | D:13     | Remembered your ancestor Centenhua as a hexer
 14779 | D:15     | Found Qeesmium's Weapon Shoppe.
 14904 | D:15     | Found a hide-covered altar of Uskayaw.
 14968 | D:15     | Reached skill level 15 in Spellcasting
 14994 | D:15     | Gained mutation: Your body sometimes deteriorates upon
                  | taking damage. [mutagenic glow]
 15071 | D:15     | Gained mutation: You do not regenerate when monsters are
                  | visible. [mutagenic glow]
 15099 | D:15     | Lost mutation: You do not regenerate when monsters are
                  | visible. [potion of mutation]
 15099 | D:15     | Lost mutation: Your body sometimes deteriorates upon taking
                  | damage. [potion of mutation]
 15099 | D:15     | Lost mutation: You have supernaturally acute eyesight.
                  | (SInv) [potion of mutation]
 15099 | D:15     | Gained mutation: You are clumsy. (Dex -2) [potion of
                  | mutation]
 15099 | D:15     | Gained mutation: You are frail. (-10% HP) [potion of
                  | mutation]
 15099 | D:15     | Gained mutation: Your flesh is almost immune to the effects
                  | of heat. (rF+++) [potion of mutation]
 15455 | Lair:1   | Entered Level 1 of the Lair of Beasts
 15540 | Lair:1   | Reached XP level 15. HP: 76/76 MP: 0/0
 15540 | Lair:1   | Learned a level 6 spell: Death Channel
 15556 | Lair:1   | Identified the +7 quarterstaff "Zenof" {vorpal, Int+7 Dex+4
                  | Stlth-}
 15563 | Lair:1   | Reached *** piety under Hepliaklqana
 16776 | Lair:2   | Found a staircase to the Swamp.
 17270 | Lair:3   | Reached **** piety under Hepliaklqana
 17425 | Lair:3   | Reached skill level 16 in Spellcasting
 17425 | Lair:3   | Reached XP level 16. HP: 53/81 MP: 0/0
 17523 | Lair:3   | Noticed Amaemon
 17530 | Lair:3   | Killed Amaemon
 17641 | Lair:3   | Found a staircase to the Snake Pit.
 17686 | Lair:3   | Found an opulent altar of Gozag.
 17686 | Lair:3   | Noticed Sonja
 17689 | Lair:3   | Killed Sonja
 18368 | Lair:4   | Reached ***** piety under Hepliaklqana
 18414 | Lair:4   | Found a staircase to the Slime Pits.
 18414 | Lair:4   | Found a viscous altar of Jiyva.
 18940 | Lair:5   | Entered Level 5 of the Lair of Beasts
 19004 | Lair:5   | Reached skill level 1 in Staves
 19069 | Lair:5   | Reached skill level 17 in Spellcasting
 19426 | Lair:5   | Identified the +3 morningstar of Torakho {speed, Str+3}
 19734 | Lair:5   | Reached skill level 5 in Stealth
 19792 | Lair:5   | Found a large runed translucent door.
 20226 | Lair:5   | Found a large runed translucent door.
 20695 | Orc:1    | Entered Level 1 of the Orcish Mines
 20721 | D:11     | Lost mutation: Your flesh is almost immune to the effects
                  | of heat. (rF+++) [potion of mutation]
 20721 | D:11     | Lost mutation: You are frail. (-10% HP) [potion of
                  | mutation]
 20721 | D:11     | Lost mutation: You have a pair of small horns on your head.
                  | [potion of mutation]
 20721 | D:11     | Gained mutation: You have hidden genetic defects. [potion
                  | of mutation]
 20721 | D:11     | Gained mutation: Your spells are a little easier to cast,
                  | but a little less powerful. [potion of mutation]
 20738 | Orc:1    | Noticed Josephine
 20751 | Orc:1    | Reached XP level 17. HP: 54/96 MP: 0/0
 20751 | Orc:1    | Learned a level 7 spell: Storm Form
 20751 | Orc:1    | Killed Josephine
 20917 | D:11     | Bought a potion of mutation for 120 gold pieces
 20917 | D:11     | Lost mutation: You are clumsy. (Dex -2) [potion of
                  | mutation]
 20917 | D:11     | Lost mutation: You have hidden genetic defects. [potion of
                  | mutation]
 20917 | D:11     | Lost mutation: Your spells are a little easier to cast, but
                  | a little less powerful. [potion of mutation]
 20917 | D:11     | Gained mutation: You are weak. (Str -2) [potion of
                  | mutation]
 20979 | D:9      | Bought a potion of heal wounds for 150 gold pieces
 20979 | D:9      | Bought a potion of curing for 90 gold pieces
 21111 | D:3      | Bought a scroll of acquirement for 572 gold pieces
 21111 | D:3      | Acquired a manual of Evocations
 21384 | Orc:1    | Reached skill level 18 in Spellcasting
 21725 | Orc:2    | Entered Level 2 of the Orcish Mines
 21912 | Orc:2    | Found Sevaxier's General Store.
 21928 | Orc:2    | Found a staircase to the Elven Halls.
 22026 | Orc:2    | Found Cafisseca's Book Emporium.
 22026 | Orc:2    | Found Zosur's Armour Shop.
 22028 | Orc:2    | Found Vah Tuopt's Armour Emporium.
 22028 | Orc:2    | Found Aliucleho's Antique Weapon Shop.
 22440 | Orc:2    | Found Xuab's Weapon Emporium.
 22629 | Elf:1    | Entered Level 1 of the Elven Halls
 23099 | Swamp:1  | Entered Level 1 of the Swamp
 23360 | Swamp:1  | Noticed a thorn hunter
 23368 | Swamp:1  | Killed a thorn hunter
 23688 | Swamp:1  | Lost mutation: You are weak. (Str -2) [potion of mutation]
 23688 | Swamp:1  | Gained mutation: You possess an exceptional clarity of
                  | mind. [potion of mutation]
 24291 | Swamp:2  | Identified the +7 sling of Domination {flame, Will+}
 24480 | Swamp:1  | HP: 1/98 [death yak[a spriggan berserker] (32)]
 24579 | Swamp:1  | Reached skill level 19 in Spellcasting
 24860 | Swamp:2  | Reached XP level 18. HP: 65/102 MP: 0/0
 24912 | Swamp:3  | Gained mutation: You occasionally lose the ability to drink
                  | potions when taking damage. [mutagenic glow]
 25318 | Swamp:4  | Entered Level 4 of the Swamp
 25809 | Swamp:4  | Noticed a tentacled monstrosity
 25818 | Swamp:4  | Killed a tentacled monstrosity
 25819 | Swamp:4  | Reached skill level 20 in Spellcasting
 25950 | Swamp:4  | Got a decaying rune of Zot
 26206 | Swamp:4  | Reached skill level 5 in Shields
 26985 | Snake:1  | Entered Level 1 of the Snake Pit
 27093 | Snake:1  | Reached ****** piety under Hepliaklqana
 28639 | Snake:2  | Reached skill level 1 in Ranged Weapons
 28640 | Snake:2  | Reached XP level 19. HP: 82/108 MP: 0/0
 28640 | Snake:2  | Learned a level 6 spell: Iron Shot
 28930 | Snake:2  | Found a blossoming altar of Fedhas.
 29139 | Snake:2  | Noticed Aizul
 29146 | Snake:2  | Killed Aizul
 29512 | Snake:3  | Found a runed translucent door.
 29517 | Snake:3  | Noticed Smee's ghost (adept MiFi)
 29557 | Snake:3  | Reached skill level 21 in Spellcasting
 29605 | Snake:3  | Noticed Vashnia
 29612 | Snake:3  | Noticed Jorgrun
 29618 | Snake:3  | Killed Vashnia
 29625 | Snake:3  | Killed Jorgrun
 29848 | Snake:3  | Found a transporter.
 30268 | Snake:3  | Found a transporter.
 30271 | Snake:3  | Found the amulet of the Four Winds {rN+ Will+++ Clar}
 30465 | Snake:3  | Killed Smee's ghost
 30973 | Snake:3  | Identified the ring "Giunured" {rN+ Dex+6}
 30981 | Snake:3  | Identified the ring "Gesh" {rPois rCorr SInv}
 31759 | Snake:4  | Entered Level 4 of the Snake Pit
 31760 | Snake:4  | Found a runed translucent gate.
 31760 | Snake:4  | Found a runed translucent gate.
 31760 | Snake:4  | Found a runed translucent gate.
 32033 | Snake:4  | Killed from afar by a salamander tyrant

Illustrated notes

Levels and vault maps discovered:
D:1:      nzn_arrival_water_spiral, layout_basic, minmay_shallow_snake_nest
D:2:      layout_rooms, st_stairs_8
D:3:      layout_rooms, dreamdust_ecumenical_altar_statues, serial_shops,
          shop_fountains, minmay_unequal, uniq_sigmund
D:4:      layout_loops_ring, nicolae_ashenzari_skybound,
          kennysheep_vampire_church, kennysheep_mini, lemuel_temple_firewalk_a,
          uniq_pikel
D:5:      layout_cave_pools, minivault_23, minmay_misc_feat_nine_boxes,
          serial_park_tiny_pond
D:6:      layout_loops_ring, minitemple, uniq_maggie
D:7:      layout_basic, dreamdust_divine_triumvirate, vehumet_crystals,
          serial_shops, nicolae_shop_behind_doors
D:8:      layout_loops_ring, ebering_ghost_inner_flame, serial_shops, shop,
          grunt_ministairs_14
D:9:      layout_basic, nicolae_overflow_crystal_walls, general_overflow_altar,
          special_room [special_room_bee], biasface_ghost_orc_armoury,
          serial_shops, shop
D:10:     layout_irregular_city, lair_entry_dummy
D:11:     layout_loops_ring, orc_david_3, gammafunk_ghost_hive, serial_shops,
          shop, shop
D:12:     layout_loops_corners, uniq_nergalle, uniq_kirke, uniq_azrael,
          uniq_lodul
D:13:     layout_long_grid, serial_shops, nicolae_shop_waterfront,
          hangedman_decor_points
D:14:     layout_loops_ring, erik_vaults_2, infiniplex_staircase_pillars_1,
          palyth_stone_intersect, trog_three_pillars_becter
D:15:     grunt_enter_depths_hoard, layout_gridville, serial_shops, shop,
          nicolae_uskayaw_en_pointe
Temple:   nicolae_temple_two_arcs
Lair:1:   layout_small_grid, beast_lair_carwin_5, infiniplex_staircase_pool
Lair:2:   layout_long_grid, minmay_swamp_entry_worms, serial_bayou_pond_e,
          lemuel_fruit_tree
Lair:3:   layout_regular_city, minmay_snake_entry_guardpost_small, basic_altar,
          minmay_stone_trees_large, serial_bayou_lake_a, uniq_sonja,
          uniq_amaemon
Lair:4:   layout_concentric_octagons, slime_entry_1, grunt_megastairs_2,
          serial_bayou_shore_a
Lair:5:   cheibrodos_lair_end_hotspot, layout_cellular_growth
Swamp:1:  nicolae_swamp_secret_spriggan_hideout, layout_basic_swamp,
          evilmike_swamp_ruin_house_5, swamp_pool2
Swamp:2:  layout_basic_swamp, evilmike_swamp_ruin_house_3
Swamp:3:  layout_basic_swamp, hangedman_swamp_ruin_wall
Swamp:4:  swamp_vile, layout_basic_swamp
Snake:1:  layout_onion_interference
Snake:2:  layout_grid_shapes, basic_altar, nicolae_snake_linked_coils,
          grunt_megastairs_5, uniq_aizul
Snake:3:  gammafunk_its_a_trap, layout_basic, ebering_ghost_reflecting_pool,
          drop_trap, uniq_vashnia, uniq_jorgrun
Snake:4:  snake_pit, layout_cave_town, gammafunk_ghost_necromancy,
          serial_bayou_ford_a
Orc:1:    layout_caves, elves_outpost_lemuel, uniq_josephine
Orc:2:    grunt_orc_tribal_feast, layout_diamond_mine, serial_shops,
          nicolae_shop_waterfront, nicolae_shop_advertising_works
          [nicolae_subvault_shop_adworks]
Elf:1:    elf_arrival_002, layout_geoelf_grid,
          hangedman_elven_crosses_minicolossus, dk_noncrumbling_4

Skill      XL: |  1  2  3  4  5  6  7  8  9 10 11 12 13 14 15 16 17 18 19 |
---------------+----------------------------------------------------------+-----
Spellcasting   | 3 4 6 8 10 12 14 15 16 17 19 20 21 | 21.7
Armour         | 1 6 7 8 9 |  9.0
Dodging        | 3 5 6 7 8 |  8.5
Stealth        | 2 4 5 |  5.5
Axes           | 3 4 |  4.9
Fighting       | 4 5 6 |  6.2
Evocations     | 5 6 |  6.0
Polearms       | 1 2 3 4 |  4.0
Shields        | 2 4 5 6 |  6.2
Staves         | 2 |  2.0
Ranged Weapons | 1 |  1.4
Unarmed Combat | |  0.1

Action                   |  1- 3 |  4- 6 |  7- 9 | 10-12 | 13-15 | 16-18 | 19-21 || total
-------------------------+-------+-------+-------+-------+-------+-------+-------++-------
Melee: Unarmed           |    25 |       |       |       |       |     5 |       ||    30
       Hand axe          |     5 |    98 |   142 |    65 |       |       |       ||   310
       Punch             |       |     2 |     2 |       |     1 |       |       ||     5
       Headbutt          |       |       |     8 |    20 |     4 |    14 |       ||    46
       Spear             |       |       |       |    34 |    18 |    44 |    24 ||   120
       Quarterstaff      |       |       |       |       |     6 |    30 |       ||    36
 Fire: Longbow           |       |       |       |       |       |     4 |       ||     4
       Sling             |       |       |       |       |       |    11 |     3 ||    14
 Cast: Foxfire           |    52 |    51 |    55 |   119 |    34 |    24 |     9 ||   344
       Scorch            |       |       |    18 |   183 |   101 |   451 |    77 ||   830
       Blink             |       |       |     2 |     4 |     8 |     4 |     1 ||    19
       Conjure Flame     |       |       |     4 |     4 |     1 |       |       ||     9
       Inner Flame       |       |       |     3 |     7 |    63 |   128 |    31 ||   232
       Flame Wave        |       |       |       |    23 |     5 |     5 |     1 ||    34
       Frozen Ramparts   |       |       |       |    19 |    18 |     3 |     1 ||    41
       Irradiate         |       |       |       |     1 |    47 |    45 |     6 ||    99
       Yara's Violent Un |       |       |       |       |    66 |    96 |    56 ||   218
       Death Channel     |       |       |       |       |     9 |    46 |    13 ||    68
       Storm Form        |       |       |       |       |       |     3 |       ||     3
       Iron Shot         |       |       |       |       |       |       |    21 ||    21
Invok: Recall Ancestor   |       |       |       |       |     1 |     2 |       ||     3
       Ancestor Life: He |       |       |       |       |     1 |       |       ||     1
       Transference      |       |       |       |       |       |     1 |       ||     1
 Abil: Blinkbolt         |       |       |       |       |       |     1 |       ||     1
Evoke: Lightning rod     |       |       |       |     2 |       |       |       ||     2
       Box of beasts     |       |       |       |     1 |       |     2 |       ||     3
       Phantom mirror    |       |       |       |       |       |     1 |     1 ||     2
       Phial of floods   |       |       |       |       |       |     1 |       ||     1
       Wand              |       |       |       |       |       |     1 |       ||     1
  Use: Scroll            |       |     4 |     3 |    13 |     1 |    10 |     1 ||    32
       Potion            |       |     1 |     4 |       |     5 |     3 |     1 ||    14
 Stab: Sleeping          |       |       |       |       |     1 |       |       ||     1
       Paralysed         |       |       |       |       |       |     8 |     5 ||    13
       Confused          |       |       |       |       |       |     2 |       ||     2
       Distracted        |       |       |       |       |       |     3 |       ||     3
Armor: Robe              |     8 |       |       |       |       |       |       ||     8
       Scale mail        |       |    59 |   104 |   111 |    55 |   142 |    17 ||   488
Dodge: Dodged            |    25 |    34 |    79 |   144 |    85 |   166 |    16 ||   549
       Repelled          |       |       |       |       |     1 |     9 |     1 ||    11
Block: Tower shield      |       |       |       |       |       |   168 |    71 ||   239
       Kite shield       |       |       |       |       |       |       |     7 ||     7
